Map: Dusty Gorge

Players

IamNaeroK - Winner!

  • Race: Terran Terran
  • League: Diamond
  • Spawn Location: 5:00

Adversity - Winner!

  • Race: Terran Terran
  • Spawn Location: 3:00

Viper

  • Race: Protoss Protoss
  • League: Diamond
  • Spawn Location: 11:00

Lost

  • Race: Terran Terran
  • Spawn Location: 9:00

VOD

Have the link to the VOD?

Description

Time

  • Played on: Sept. 4, 2018, 3:45 p.m.
  • Length: 4:45
Show
View Real Time Build Order
Export as new Build Order

IamNaeroK Terran - Winner!

Build Orders: Cyclone Opening 

Get SALT Encoding   

  12  0:01  SCV  
  13  0:13  SCV  
  14  0:21  Supply Depot  
  14  0:25  SCV  
  15  0:30  Refinery  
  15  0:44  Barracks  
  15  0:46  SCV  
  16  0:56  Refinery  
  16  0:58  SCV  
  17  1:10  SCV  
  18  1:22  SCV  
  19  1:34  Factory, SCV  
  19  1:35  Barracks Reactor  
  20  1:47  Orbital Command  
  20  1:55  Supply Depot  
  20  2:26  Cyclone x2  
  26  2:34  SCV  
  26  2:53  Supply Depot  
  26  2:58  Cyclone  
  29  3:11  Supply Depot  
  29  3:14  Cyclone  
  29  3:17  SCV  
  33  3:30  Cyclone  
  36  3:40  SCV  
  37  3:43  Supply Depot  
  37  3:46  Cyclone  
  40  4:03  Cyclone  
Show
View Real Time Build Order
Export as new Build Order

Adversity Terran - Winner!

Build Orders:  

Get SALT Encoding   

  12  0:02  SCV  
  13  0:14  SCV  
  13  0:20  Supply Depot  
  14  0:26  SCV  
  15  0:31  Refinery  
  15  0:45  SCV  
  15  0:47  Barracks  
  16  0:57  SCV  
  17  1:05  Barracks  
  17  1:18  Barracks  
  17  1:25  SCV  
  18  1:34  Reaper  
  19  1:42  Orbital Command  
  19  1:48  Refinery  
  19  1:53  Reaper  
  20  2:06  Reaper  
  20  2:08  Supply Depot  
  21  2:10  Reaper  
  21  2:15  SCV  
  23  2:29  Reaper, SCV  
  25  2:34  Supply Depot  
  25  2:38  Reaper  
  25  2:41  SCV  
  27  2:46  Reaper  
  28  2:54  SCV  
  29  3:01  Reaper  
  30  3:06  SCV  
  30  3:10  Reaper  
  32  3:27  Reaper  
  32  3:28  Command Center  
  32  3:31  SCV  
  32  3:33  Reaper  
  35  3:38  Engineering Bay  
  35  3:42  Reaper  
  35  3:46  SCV  
  36  3:53  Supply Depot  
  36  4:00  Reaper  
  36  4:06  Reaper  
  38  4:19  SCV  
  38  4:21  Missile Turret  
  38  4:23  Barracks x2  
  39  4:25  Missile Turret  
Show
View Real Time Build Order
Export as new Build Order

Viper Protoss 

Build Orders:  

Get SALT Encoding   

  12  0:01  Probe  
  13  0:13  Probe  
  14  0:19  Pylon  
  14  0:25  Probe  
  15  0:33  Probe  
  15  0:42  Gateway  
  16  0:44  Probe  
  17  1:00  Pylon  
  17  1:01  Probe  
  18  1:11  Probe  
  18  1:12  Assimilator  
  19  1:19  Probe  
  19  1:21  Gateway  
  20  1:28  Probe  
  20  1:31  Cybernetics Core  
  21  1:40  Assimilator, Probe  
  22  1:52  Probe  
  23  1:55  Pylon  
  23  2:04  Probe  
  24  2:09  Warp Gate  
  24  2:10  Adept  
  24  2:14  Adept  
  26  2:16  Probe  
  28  2:28  Probe  
  29  2:47  Nexus  
  29  2:50  Adept  
  31  2:56  Adept  
  33  2:59  Probe  
  34  3:11  Probe  
  35  3:34  Adept  
  35  3:35  Adept  
  37  3:50  Probe  
  38  4:03  Probe  
  35  4:15  Adept x2  
  37  4:24  Probe  
  37  4:27  Probe  
Show
View Real Time Build Order
Export as new Build Order

Lost Terran 

Build Orders: Cyclone Opening, Reaper Expand 

Get SALT Encoding   

  12  0:02  SCV  
  13  0:18  SCV  
  13  0:19  Supply Depot  
  14  0:30  SCV  
  15  0:43  Barracks  
  15  0:44  SCV  
  15  0:48  Refinery  
  16  0:56  SCV  
  17  1:08  SCV  
  18  1:20  SCV  
  19  1:32  Reaper  
  20  1:33  Orbital Command  
  20  1:50  Command Center  
  20  2:08  Factory  
  20  2:10  SCV  
  20  2:11  Refinery  
  21  2:17  Marine  
  21  2:22  Supply Depot  
  22  2:41  Marine  
  23  2:50  SCV  
  23  2:53  Cyclone  
  26  2:59  Marine  
  26  3:04  SCV  
  28  3:10  Orbital Command  
  27  3:17  Marine  
  26  3:29  Cyclone  
  29  3:35  Marine  
  30  4:01  Cyclone  
Tags
 
Add a new tag
Caveats
  • Supply blocks, unpowered buildings, or Contaminate may cause inaccurate times.
  • Supply counts are checked every 10 seconds.